 Dungeon Crawl Stone Soup version 0.28.0-1-gb440e238dd (webtiles) character file.

Game seed: 8005448888384904820

21 spaghetti the Skirmisher (level 2, 0/23 HPs)
             Began as a Mummy Artificer on Feb 20, 2022.
             Slain by a worm (5 damage)
             ... on level 2 of the Dungeon.
             The game lasted 00:01:16 (714 turns).

spaghetti the Skirmisher (Mummy Artificer)           Turns: 714, Time: 00:01:17

Health: 0/23       AC:  3    Str: 15    XL:     2   Next: 62%
Magic:  2/2        EV: 11    Int: 10    God:
Gold:   0          SH:  0    Dex: 12    Spells: 1/1 levels left

rFire   x . .      SeeInvis .   a - +0 club
rCold   + . .      Faith    .   (no shield)
rNeg    + + +      Spirit   .   b - +0 leather armour
rPois   ∞          Reflect  .   (no helmet)
rElec   .          Harm     .   (no cloak)
rCorr   .          Rampage  .   (no gloves)
Will    .....                   (no boots)
Stlth   +.........              (no amulet)
HPRegen 0.07/turn               (no ring)
MPRegen 0.08/turn               (no ring)

@: no status effects
A: cold resistance 1, negative energy resistance 3, torment resistance 2, heat
vulnerability 1, no potions
a: no special abilities


You were on level 2 of the Dungeon.
You visited 1 branch of the dungeon, and saw 2 of its levels.

Inventory:

Hand Weapons
 a - a +0 club (weapon)
Armour
 b - a +0 leather armour (worn)
 c - a +0 pair of gloves
 g - a +2 pair of gloves
Wands
 d - a wand of charming (14)
Scrolls
 f - a scroll of holy word {unknown}
Miscellaneous
 e - a piece from Xom's chessboard (10/15)


   Skills:
 + Level 2.7 Fighting
 - Level 1.5 Armour
 - Level 0.7 Dodging
 - Level 0.7 Stealth
 - Level 2.4 Evocations


You had one spell level left.
You didn't know any spells.
Your spell library was empty.

Dungeon Overview and Level Annotations

Branches:
Dungeon (2/15)

Altars:


Innate Abilities, Weirdness & Mutations

You are immune to poison.
Your flesh is cold resistant. (rC+)
You are immune to negative energy. (rN+++)
You are immune to unholy pain and torment.
You are vulnerable to heat. (rF-)
You do not drink.


Message History

Your hobgoblin barely misses the worm.
The worm bites your hobgoblin but does no damage.
Your hobgoblin closely misses the worm.
Your hobgoblin hits the worm but does no damage.
The worm closely misses your hobgoblin.
Your hobgoblin hits the worm. The worm bites your hobgoblin.
Your hobgoblin dies!
You make a move on Xom's chessboard...
The worm seems to speed up.
You make a move on Xom's chessboard...
The worm struggles to resist.
You make a move on Xom's chessboard...
The worm is moving more slowly.
You make a move on Xom's chessboard...
The worm is outlined in light.
You make a move on Xom's chessboard...
Nothing appears to happen.
The worm stops moving altogether!
Things that are here:
a hobgoblin corpse; a ball python corpse The helpless worm fails to defend itself.
You hit the worm but do no damage.
The worm is lightly wounded.
The helpless worm fails to defend itself.
You hit the worm.
The worm is lightly wounded.
The helpless worm fails to defend itself.
You hit the worm.
The worm is lightly wounded.
The worm stops glowing.
The helpless worm fails to defend itself.
You hit the worm.
The helpless worm fails to defend itself.
You hit the worm but do no damage.
The helpless worm fails to defend itself.
You hit the worm.
The worm is lightly wounded.
The helpless worm fails to defend itself.
You hit the worm but do no damage.
The helpless worm fails to defend itself.
You hit the worm.
The worm is lightly wounded.
The worm is no longer petrified.
The worm bites you.
You die...

###
#.##########
#).)...w@†<#
#.##########
#.#
#######.#######
..............#
..............#
..............#
..............#
..............#


You could see a worm (fast).

Vanquished Creatures
  2 dart slugs (D:1)
  An endoplasm (D:1)
  2 hobgoblins
  3 jackals (D:1)
  A ball python (D:2)
  2 bats (D:1)
  2 goblins
  2 kobolds
  A rat (D:1)
16 creatures vanquished.

Vanquished Creatures (others)
  A hobgoblin (D:2)
1 creature vanquished.

Grand Total: 17 creatures vanquished

Notes
Turn   | Place    | Note
-------+----------+-------------------------------------------
     0 | D:1      | spaghetti the Mummy Artificer began the quest for the Orb.
     0 | D:1      | Reached XP level 1. HP: 15/15 MP: 1/1
   103 | D:1      | Reached XP level 2. HP: 2/22 MP: 2/2
   104 | D:1      | HP: 1/22 [bat (1)]
   714 | D:2      | Slain by a worm

Illustrated notes

Levels and vault maps discovered:
D:1:      lightli_iron_boxes, layout_basic
D:2:      layout_basic, serial_shops, shop, shop, shop, shop, shop,
          ebering_ecumenical_altar_sacrificial, item_on_display_b

Skill      XL: |  1 |
---------------+----+-----
Fighting       | 2 |  2.7
Armour         | |  1.5
Dodging        | |  0.7
Stealth        | |  0.7
Evocations     | |  2.4

Action                   || total
-------------------------++-------
Melee: Club              ||    42
Evoke: Wand              ||    16
       Piece from Xom's  ||     5
  Use: Scroll            ||     1
 Stab: Petrified         ||     8
Armor: Leather armour    ||    30
Dodge: Dodged            ||    40
